 Dungeon Crawl Stone Soup version 0.30-a0-760-g5a9884bb7c (webtiles) character file.

Game seed: 1680688399400471158

33 tilp the Shield-Bearer (level 3, 0/31 HPs)
             Began as a Meteoran Fighter on Feb 11, 2023.
             Killed from afar by Dowan (2 damage)
             ... with a puff of frost
             ... on level 4 of the Dungeon.
             The game lasted 00:01:13 (267 turns).

tilp the Shield-Bearer (Meteoran Fighter)            Turns: 267, Time: 00:01:14

Health: 0/31       AC:  7    Str: 17    XL:     3   Next: 70%
Magic:  4/4        EV:  9    Int:  9    God:
Gold:   19         SH:  5    Dex: 16    Spells: 2/2 levels left

rFire   . . .      SeeInvis .    a - +0 long sword
rCold   . . .      Faith    .    c - +0 buckler
rNeg    . . .      Spirit   .    b - +0 scale mail
rPois   .          Reflect  .    (no helmet)
rElec   .          Harm     .    (no cloak)
rCorr   .          Rampage  .    (no gloves)
Will    .....                    (no boots) Stlth
                                 (no amulet)
HPRegen 0.25/turn                (no ring)
MPRegen 0.09/turn                (no ring)

@: mighty, glowing
A: sense surroundings 1, otherworldly, glowing, explore regen
a: no special abilities


You were on level 4 of the Dungeon.
You visited 1 branch of the dungeon, and saw 4 of its levels.

You collected 19 gold pieces.

Inventory:

Hand Weapons
 a - a +0 long sword (weapon)
Missiles
 f - 4 stones (quivered)
Armour
 b - a +0 scale mail (worn)
 c - a +0 buckler (worn)
Potions
 e - a potion of heal wounds {unknown}
 g - a potion of brilliance {unknown}
 h - a potion of degeneration {unknown}
 i - a potion of lignification {unknown}


   Skills:
 + Level 3.5 Fighting
 * Level 3.1 Long Blades
 + Level 3.8 Armour
 * Level 1.3 Dodging
 + Level 0.3 Stealth
 + Level 3.9 Shields


You had 2 spell levels left.
You didn't know any spells.
Your spell library was empty.

Dungeon Overview and Level Annotations

Branches:
Dungeon (4/15) Zot: 2120
 Temple: D:4-7

Altars:
Sif Muna

Annotations:
D:4 Dowan, Duvessa


Innate Abilities, Weirdness & Mutations

You passively map a small area around you.
You are easily found by Zot.
You glow in the dark.
You regain HP and MP as you explore.


Message History

Found a green potion.
You see here a green potion.
i - a green potion Duvessa, Sister of Dowan comes into view.
She is wielding a +0 short sword.
Duvessa shouts!
You hear a shout!
Dowan, Brother of Duvessa comes into view.
He is wielding a +0 dagger.
A goblin comes into view. It is wielding a +0 dagger.
The goblin shouts!
You feel very mighty all of a sudden. Duvessa hits you with a +0 short sword.
You slash Duvessa!
Duvessa is moderately wounded.
Duvessa barely misses you. Dowan barely misses you.
You hit Duvessa.
Duvessa is heavily wounded.
Dowan casts a spell at Duvessa.
Duvessa seems to speed up.
Duvessa hits you but does no damage. Dowan hits you with a +0 dagger.
Duvessa hits you with a +0 short sword.
You hit Duvessa.
Duvessa is heavily wounded.
Duvessa closely misses you. You block Dowan's attack.
Duvessa hits you with a +0 short sword.
You hit Duvessa.
Duvessa is severely wounded.
Duvessa hits you with a +0 short sword!
* * * LOW HITPOINT WARNING * * *
Dowan hits you but does no damage. Duvessa barely misses you.
You closely miss Duvessa.
Duvessa is severely wounded.
Dowan hits you with a +0 dagger.
* * * LOW HITPOINT WARNING * * *
Duvessa hits you but does no damage. You block Dowan's attack.
Duvessa hits you with a +0 short sword.
* * * LOW HITPOINT WARNING * * *
You barely miss Duvessa.
Duvessa is severely wounded.
You block Duvessa's attack. Dowan casts a spell at you.
The puff of frost hits you.
You die...

#.##### ####.....###
###..........##
..............##
...............## *
.....w..........#
................## * ,
................e###,
............w...@eg# ,
................##......
...............## #....
,, ..............## *
... .............## , ,
. , .............# *
............# * ,
...........#* ,
.......... ~


You could see Duvessa (fast), Dowan, a worm and a goblin.

Vanquished Creatures
  2 adders (D:2)
  3 ball pythons
  5 endoplasms
  2 goblins
  2 bats
14 creatures vanquished.

Notes
Turn   | Place    | Note
-------+----------+-------------------------------------------
     0 | D:1      | tilp the Meteoran Fighter began the quest for the Orb.
     0 | D:1      | Reached XP level 1. HP: 19/19 MP: 2/2
    68 | D:1      | Reached XP level 2. HP: 26/26 MP: 3/3
    94 | D:2      | Reached skill level 1 in Dodging
    96 | D:2      | Found a shimmering blue altar of Sif Muna.
   134 | D:2      | Reached XP level 3. HP: 29/31 MP: 4/4
   257 | D:4      | Noticed Duvessa
   258 | D:4      | Noticed Dowan
   267 | D:4      | Killed from afar by Dowan

Illustrated notes

Levels and vault maps discovered:
D:1:      matt_arrival_los_fun, layout_basic, chequers_avenue
D:2:      cheibrodos_fertilizer, layout_basic, basic_altar
D:3:      layout_basic, mainiacjoe_overflow_chevrons, serial_shops,
          nicolae_shop_trees, shop, moated_statue
D:4:      layout_cave_pods, mainiacjoe_overflow_alcove_2, gup_sewer_entry_glass,
          enter_ossuary_2, wad_orctagon, uniq_natasha, uniq_duvessa

Skill      XL: |  1  2 |
---------------+-------+-----
Dodging        | 1 |  1.3
Long Blades    | 3 |  3.1
Fighting       | |  3.5
Armour         | |  3.8
Stealth        | |  0.3
Shields        | |  3.9

Action                     || total
---------------------------++-------
  Melee: Long sword        ||    42
  Throw: Stone             ||     1
    Use: Potion            ||     1
 Armour: Scale mail        ||    33
  Dodge: Dodged            ||    23
  Block: Buckler           ||     9

Table legend: (Time is in decaauts)
 A = Elapsed time spent in this place.
 B = Non-inter-level travel time spent in this place.
 C = Inter-level travel time spent in this place.
 D = Time resting spent in this place.
 E = Time spent auto-exploring this place.
 F = Levels seen in this place.
 G = Mean time per level.
                   A        B        C        D        E       F      G
               +--------+--------+--------+--------+--------+-----+--------+
         Total |    278 |    261 |     17 |      0 |      0 |   4 |   69.5 |
       Dungeon |    278 |    261 |     17 |      0 |      0 |   4 |   69.5 |
               +--------+--------+--------+--------+--------+-----+--------+

Top non-repeatable levels by time:
     D:2: 140 daAuts
     D:1: 77 daAuts
     D:4: 42 daAuts
     D:3: 17 daAuts
